 Dungeon Crawl Stone Soup version 0.28-a0-43-g560ac104fe (webtiles) character file.

Game seed: 8152127188610267346

67 PentaManta the Ruffian (level 4, 0/36 HPs)
             Began as a Ghoul Gladiator on July 28, 2021.
             Slain by a goblin (2 damage)
             ... led by Robin
             ... on level 2 of the Dungeon.
             The game lasted 00:02:03 (1445 turns).

PentaManta the Ruffian (Ghoul Gladiator)            Turns: 1445, Time: 00:02:04

Health: 0/36       AC:  4    Str: 17    XL:     4   Next: 16%
Magic:  3/3        EV: 12    Int:  4    God:
Gold:   38         SH:  0    Dex: 10    Spells: 3/3 levels left

rFire   . . .      SeeInvis .     - Unarmed
rCold   + . .      Faith    .   (no shield)
rNeg    + + +      Spirit   .   a - +0 leather armour
rPois   ∞          Reflect  .   b - +0 helmet
rElec   .          Harm     .   (no cloak)
rCorr   .          Rampage  .   (no gloves)
Will    .....                   (no boots)
Stlth   +.........              h - amulet of the acrobat
HPRegen 0.00/turn               (no ring)
MPRegen 0.08/turn               (no ring)

@: inhibited regen
A: claws 1, cold resistance 1, negative energy resistance 3, inhibited
regeneration, torment resistance 2
a: no special abilities


You were on level 2 of the Dungeon.
You visited 1 branch of the dungeon, and saw 2 of its levels.

You collected 87 gold pieces.
You spent 49 gold pieces at shops.

Inventory:

Hand Weapons
 n - a +0 hunting sling
Missiles
 c - 3 throwing nets (quivered)
 l - 14 poisoned darts
 o - 54 stones
Armour
 a - a +0 leather armour (worn)
 b - a +0 helmet (worn)
 j - a +0 buckler
Jewellery
 h - an amulet of the acrobat (around neck)
Scrolls
 d - 3 scrolls of teleportation {unknown}
 e - a scroll of identify {unknown}
 f - a scroll of noise {unknown}
 g - a scroll of immolation {unknown}
 m - a scroll of magic mapping
Potions
 i - a potion of heal wounds {unknown}
 k - a potion of attraction {unknown}


   Skills:
 - Level 2.1 Fighting
 - Level 1.7 Throwing
 - Level 2.6 Dodging
 + Level 5.4 Unarmed Combat


You had 3 spell levels left.
You didn't know any spells.
Your spell library was empty.

Dungeon Overview and Level Annotations

Branches:
Dungeon (2/15)

Altars:

Shops:
D:2 *

Annotations:
D:2 Robin


Innate Abilities, Weirdness & Mutations

You thrive by killing the living.
You are immune to poison.
You have sharp fingernails.
Your flesh is cold resistant. (rC+)
You are immune to negative energy. (rN+++)
You do not regenerate when monsters are visible.
You are immune to unholy pain and torment.


Message History

The hobgoblin is moderately wounded.
The goblin hits you but does no damage. The hobgoblin hits you.
The goblin hits you with a +0 club.
You are too injured to fight recklessly!
You are too injured to fight recklessly!
You are too injured to fight recklessly!
You miss the goblin.
The goblin no longer looks unusually strong.
The goblin hits you with a +0 dagger. The hobgoblin barely misses you.
The goblin closely misses you.
You closely miss the goblin.
The goblin no longer looks unusually strong.
The goblin hits you with a +0 dagger. The hobgoblin closely misses you.
The goblin hits you with a +0 club.
* * * LOW HITPOINT WARNING * * *
Robin's bangles clink loudly.
You scratch the goblin.
You kill the goblin!
You feel better.
The hobgoblin no longer looks unusually strong.
The goblin hits you with a +0 club. The hobgoblin closely misses you.
Things that are here:
a +0 dagger; a goblin corpse You completely miss the hobgoblin.
The hobgoblin is moderately wounded.
The hobgoblin hits you.
You barely miss the hobgoblin.
The hobgoblin is moderately wounded.
Robin throws the goblin at you! The goblin hits you with a +0 club.
* * * LOW HITPOINT WARNING * * *
You scratch the hobgoblin.
You kill the hobgoblin!
The goblin hits you with a +0 club.
* * * LOW HITPOINT WARNING * * *
You barely miss the goblin. Robin closely misses you.
The goblin hits you with a +0 club.
* * * LOW HITPOINT WARNING * * *
You miss the goblin. Robin barely misses you.
The goblin hits you with a +0 club.
You die...

####.## #.#
#.## #>.[
##### #..#
#...# #...
#.#.# ##.#
####.#.####
#.#
#)g@g#....#
#..
#...#######.#
### #....#$
#....# #.## ##
# #.#### .
#.#.########
#..........#
##########.###
#.....#
#.#.#.# ##


You could see Robin and a goblin.

Vanquished Creatures
  2 worms (D:2)
  A dart slug (D:1)
  An orc (D:2)
  2 endoplasms (D:1)
  A giant cockroach (D:1)
  17 goblins
  10 hobgoblins
  3 quokkas
  2 ball pythons
  3 bats (D:1)
  7 kobolds
  4 rats
53 creatures vanquished.

Notes
Turn   | Place    | Note
-------+----------+-------------------------------------------
     0 | D:1      | PentaManta the Ghoul Gladiator began the quest for the Orb.
     0 | D:1      | Reached XP level 1. HP: 17/17 MP: 0/0
    30 | D:1      | Reached XP level 2. HP: 13/24 MP: 1/1
    37 | D:1      | Reached skill level 4 in Unarmed Combat
   385 | D:1      | Reached XP level 3. HP: 24/29 MP: 2/2
   533 | D:1      | Found a faded altar of an unknown god.
  1212 | D:2      | Reached skill level 5 in Unarmed Combat
  1217 | D:2      | Found Fiamigg's General Store.
  1251 | D:2      | Bought a scroll of magic mapping for 49 gold pieces
  1420 | D:2      | Noticed Robin
  1423 | D:2      | Reached XP level 4. HP: 36/36 MP: 3/3
  1445 | D:2      | Slain by a goblin

Illustrated notes

Levels and vault maps discovered:
D:1:      wander_arrival_lonely_grave, layout_basic, basic_ecumenical_altar
D:2:      layout_loops_cross, serial_shops, nicolae_shop_statue_plus, uniq_robin

Skill      XL: |  1  2  3 |
---------------+----------+-----
Unarmed Combat | 4 5 |  5.4
Fighting       | |  2.1
Throwing       | |  1.7
Dodging        | |  2.6

Action                   |  1- 3 |  4- 6 || total
-------------------------+-------+-------++-------
Melee: Unarmed           |   122 |    21 ||   143
       Punch             |     1 |       ||     1
Armor: Leather armour    |    32 |     5 ||    37
Dodge: Dodged            |    79 |    14 ||    93

Table legend: (Time is in decaauts)
 A = Elapsed time spent in this place.
 B = Non-inter-level travel time spent in this place.
 C = Inter-level travel time spent in this place.
 D = Time resting spent in this place.
 E = Time spent auto-exploring this place.
 F = Levels seen in this place.
 G = Mean time per level.
                   A        B        C        D        E       F      G
               +--------+--------+--------+--------+--------+-----+--------+
         Total |   1431 |   1386 |     45 |      0 |   1122 |   2 |  715.5 |
       Dungeon |   1431 |   1386 |     45 |      0 |   1122 |   2 |  715.5 |
               +--------+--------+--------+--------+--------+-----+--------+

Top non-repeatable levels by time:
     D:1: 966 daAuts
     D:2: 464 daAuts
